Match 47250063
Unlisted

Match 47250063
End
Construct Section Command Post
Dingo Light Scout Car
Dingo Light Scout Car
Infantry Section
Infantry Section
Construct Platoon Command Post
6-pounder Anti-tank Gun Team
6-pounder Anti-tank Gun Team
Selects Air and Sea Battlegroup
Construct Company Command Post
Foot Guards Section
Foot Guards Section
Foot Guards Section
Selects Commando Section Paradrop
Selects Supply Surplus
Selects UNKNOWN (223837)
Centaur IV Medium Tank
Commando Section Paradrop
Unlock Bishop Self-propelled Artillery
Bishop Self-propelled Artillery
Foot Guards Section
Selects Assault Flares
Assault Flares
Selects Commando Support Section Paradrop
Foot Guards Section
Assault Flares
Selects Incendiary Bombing Run
Incendiary Bombing Run
Construct Field Infirmary
Assault Flares
Forward Retreat Point
Infantry Training
Incendiary Bombing Run
Assault Flares
Beze
PlammX
Jonnies
UCAGC
VndctL
BUGII
welnez
likewind3
0
0

Comments sign in to comment!

No comments posted yet!